 Dungeon Crawl Stone Soup version 0.30-a0-613-gdd512c7efb (webtiles) character file.

Game seed: 8514154229187801956

112 oldriver the Caller (level 4, -7/27 HPs)
             Began as a Tengu Wanderer on Jan 8, 2023.
             Killed by divine providence
             ... invoked by an orc priest
              (15 damage)
             ... on level 3 of the Dungeon.
             The game lasted 00:08:50 (3159 turns).

oldriver the Caller (Tengu Wanderer)                Turns: 3159, Time: 00:08:50

Health: -7/27      AC:  2    Str: 10    XL:     4   Next: 95%
Magic:  17/18      EV: 10    Int: 18    God:
Gold:   216        SH:  4    Dex: 12    Spells: 8/9 levels left

rFire   . . .      SeeInvis .    i - staff of conjuration
rCold   . . .      Faith    .    d - +0 buckler
rNeg    . . .      Spirit   .    c - +0 robe
rPois   .          Reflect  .    (helmet restricted)
rElec   .          Harm     .    (no cloak)
rCorr   .          Rampage  .    (no gloves)
Will    .....                    (boots unavailable)
Stlth   ++                       (no amulet)
HPRegen 0.24/turn                g - ring of magical power
MPRegen 0.16/turn                (no ring)

@: no status effects
A: beak, talons 3
a: no special abilities


You were on level 3 of the Dungeon.
You visited 1 branch of the dungeon, and saw 3 of its levels.

You collected 216 gold pieces.

Inventory:

Hand Weapons
 k - a +0 dagger of venom
Missiles
 f - 31 stones
 m - 2 atropa-tipped darts
Armour
 c - a +0 robe (worn)
 d - a +0 buckler (worn)
Magical Staves
 e - a staff of death
 i - a staff of conjuration (weapon)
Jewellery
 g - a ring of magical power (left hand)
Scrolls
 b - a scroll of blinking
 j - a scroll of summoning
Potions
 a - a potion of attraction
 l - a potion of might
 n - 3 potions of curing


   Skills:
 + Level 2.8 Fighting
 * Level 0.4 Staves
 + Level 2.7 Stealth
 - Level 2.0 Shields
 + Level 3.3 Spellcasting
 - Level 4.0 Summonings
 - Level 1.0 Translocations


You had 8 spell levels left.
You knew the following spells:

 Your Spells              Type           Power      Damage    Failure   Level
a - Summon Small Mammal   Summ           68%        N/A       4%          1

Your spell library contained the following spells:

 Spells                   Type           Power      Damage    Failure   Level
 Apportation              Tloc           12%        N/A       14%         1
 Sublimation of Blood     Necr           2%         N/A       32%         2
 Portal Projectile        Hex/Tloc       8%         N/A       45%         3
 Tukima's Dance           Hex            2%         N/A       54%         3
 Animate Armour           Summ/Erth      20%        N/A       67%         4
 Summon Ice Beast         Ice/Summ       10%        N/A       67%         4
 Passage of Golubria      Tloc           6%         N/A       80%         4
 Petrify                  Tmut/Erth      2%         N/A       91%         4
 Irradiate                Conj/Tmut      2%         3d12      99%         5
 Yara's Violent Unravell  Hex/Tmut       1%         3d3       99%         5


Dungeon Overview and Level Annotations

Branches:
Dungeon (3/15)

Altars:
Makhleb


Innate Abilities, Weirdness & Mutations

You have a beak for a mouth.
You have claws for feet.


Message History

Beogh smites you!
There is a stone staircase leading up here.
You climb upwards.
There is a stone staircase leading down here.
You start resting.
HP restored.
You climb downwards.
There is a stone staircase leading up here.
You swap places.
The orc priest hits you with a +0 hand axe.
You barely miss the orc priest. Your kick misses the orc priest.
You peck the orc priest, but do no damage.
The orc priest hits you with a +0 hand axe.
You hit the orc priest.
You peck the orc priest, but do no damage.
The orc priest is lightly wounded.
The orc priest hits you with a +0 hand axe. x2
* * * LOW HITPOINT WARNING * * *
You barely miss the orc priest.
The orc priest is lightly wounded.
The orc priest misses you.
You hit the orc priest. Your kick misses the orc priest.
Your peck misses the orc priest.
The orc priest is lightly wounded.
The orc priest calls down the wrath of Beogh upon you.
You barely resist. You hit the orc priest. You claw the orc priest.
You peck the orc priest.
The orc priest is severely wounded.
The orc priest hits you with a +0 hand axe.
* * * LOW HITPOINT WARNING * * *
You barely miss the orc priest.
The orc priest is severely wounded.
You block the orc priest's attack. x2
You hit the orc priest but do no damage.
Your kick misses the orc priest.
The orc priest is severely wounded.
The orc priest mumbles some strange prayers to Beogh against you.
Beogh smites you!
Ouch! That really hurt!
You die...

#### #.# ... #.#
#.#####.####... #. #.#
#.##...............####
.. ..#
#......########........
#. #.# ######.# ......
#. #.# #.# ###### #.
#.# #o# #. #.# #@#
##.###.# #r# :......#
##r##
##.###.########...## #.
#..).o>.#.#.#.## #o
#######..##....# #####
#. #.#.###..## ..... #.
#.##.#....# ##### #o
##.........######[


You could see an orc priest (ally target), a friendly quokka (summoned) and a
friendly rat (summoned).

Vanquished Creatures
  2 adders (D:2)
  An orc (D:3)
  A ball python (D:1)
  3 giant cockroaches (D:2)
  A goblin (D:2)
  A hobgoblin (D:3)
  A jackal (D:2)
  7 bats
  A frilled lizard (D:2)
  2 kobolds
  A rat (D:2)
21 creatures vanquished.

Vanquished Creatures (collateral kills)
  An adder (D:2)
  4 dart slugs
  3 orcs (D:3)
  4 bats
  6 endoplasms
  2 giant cockroaches (D:2)
  6 goblins
  2 hobgoblins
  4 jackals (D:2)
  A quokka (D:3)
  4 ball pythons
  2 frilled lizards (D:1)
  4 kobolds
  3 rats
46 creatures vanquished.

Grand Total: 67 creatures vanquished

Notes
Turn   | Place    | Note
-------+----------+-------------------------------------------
     0 | D:1      | oldriver the Tengu Wanderer began the quest for the Orb.
     0 | D:1      | oldriver set off with the following items: a +0 dagger, a
                  | scroll of blinking, a +0 robe, a +0 buckler; and the
                  | following spells available to memorise: Summon Small
                  | Mammal, Apportation, Portal Projectile, Animate Armour,
                  | Summon Ice Beast.
     0 | D:1      | Reached XP level 1. HP: 12/12 MP: 5/5
     2 | D:1      | Learned a level 1 spell: Summon Small Mammal
   236 | D:1      | Found a faded altar of an unknown god.
   362 | D:1      | Reached skill level 1 in Stealth
   362 | D:1      | Reached XP level 2. HP: 16/16 MP: 7/7
   911 | D:1      | Reached XP level 3. HP: 21/21 MP: 8/8
  1048 | D:1      | Reached skill level 4 in Summonings
  1684 | D:2      | Reached XP level 4. HP: 26/27 MP: 9/9
  2717 | D:3      | Found a burning altar of Makhleb.
  2855 | D:3      | Noticed a black bear
  3159 | D:3      | Killed from afar by an orc priest

Illustrated notes

Levels and vault maps discovered:
D:1:      evilmike_arrival_crescent, layout_loops_cross,
          hellmonk_ecumenical_altar_blasted
D:2:      minmay_chambers_of_twos, layout_loops_ring
D:3:      layout_loops_ring, lightli_temple_of_fire

Skill      XL: |  1  2  3 |
---------------+----------+-----
Stealth        | 1 2 |  2.7
Fighting       | 2 |  2.8
Summonings     | 4 |  4.0
Staves         | |  0.4
Shields        | |  2.0
Spellcasting   | |  3.3
Translocations | |  1.0

Action                   |  1- 3 |  4- 6 || total
-------------------------+-------+-------++-------
Melee: Staff             |    24 |    53 ||    77
       Peck              |     2 |     8 ||    10
       Kick              |     3 |    10 ||    13
Throw: Dart              |       |     1 ||     1
 Cast: Summon Small Mamm |    86 |    53 ||   139
  Use: Scroll            |       |     8 ||     8
       Potion            |       |     1 ||     1
 Stab: Sleeping          |       |     1 ||     1
Armor: Robe              |     7 |    10 ||    17
Dodge: Dodged            |    20 |    40 ||    60
Block: Buckler           |     8 |    14 ||    22

Table legend: (Time is in decaauts)
 A = Elapsed time spent in this place.
 B = Non-inter-level travel time spent in this place.
 C = Inter-level travel time spent in this place.
 D = Time resting spent in this place.
 E = Time spent auto-exploring this place.
 F = Levels seen in this place.
 G = Mean time per level.
                   A        B        C        D        E       F      G
               +--------+--------+--------+--------+--------+-----+--------+
         Total |   3178 |   3066 |    112 |    351 |   1757 |   3 | 1059.3 |
       Dungeon |   3178 |   3066 |    112 |    351 |   1757 |   3 | 1059.3 |
               +--------+--------+--------+--------+--------+-----+--------+

Top non-repeatable levels by time:
     D:2: 1589 daAuts
     D:1: 1166 daAuts
     D:3: 422 daAuts
